 Dungeon Crawl Stone Soup version 0.24-a0 (webtiles) character file.

Game seed: 7094570152579935909

53 JeffiDaFish the Grave Robber (level 3, -6/26 HPs)
             Began as a Mummy Necromancer on Jan 30, 2019.
             Mangled by a worker ant (8 damage)
             ... on level 3 of the Dungeon.
             The game lasted 00:04:39 (3187 turns).

JeffiDaFish the Grave Robber (Mummy Necromancer)    Turns: 3187, Time: 00:04:40

Health: -6/26      AC:  2    Str: 11    XL:     3   Next: 62%
Magic:  2/7        EV: 12    Int: 15    God:
Gold:   79         SH:  0    Dex: 12    Spells: 3/8 levels left

rFire    x . .     SeeInvis .   b - +0 dagger
rCold    + . .     Gourm    .   (no shield)
rNeg     + + +     Faith    .   a - +0 robe
rPois    ∞         Spirit   .   (no helmet)
rElec    .         Reflect  .   (no cloak)
rCorr    .         Harm     .   (no gloves)
MR       .....                  (no boots)
Stlth    ++........             (no amulet)
HPRegen  0.08/turn              (no ring)
MPRegen  0.10/turn              (no ring)

@: no status effects
A: no food or potions, fire vulnerability, cold resistance 1, negative energy
resistance 3, torment resistance, unbreathing
a: no special abilities


You were on level 3 of the Dungeon.
You were not hungry.

You visited 1 branch of the dungeon, and saw 3 of its levels.

You collected 79 gold pieces.

Inventory:

Hand Weapons
 b - a +0 dagger (weapon)
Armour
 a - a +0 robe (worn)
Scrolls
 c - 2 scrolls of identify
 d - a scroll of blinking
 e - 2 scrolls of remove curse
 f - a scroll of amnesia


   Skills:
 + Level 1.4 Fighting
 - Level 1.5 Dodging
 - Level 1.5 Stealth
 + Level 3.4 Spellcasting
 * Level 4.7 Necromancy


You had 3 spell levels left.
You knew the following spells:

 Your Spells              Type           Power        Failure   Level  Hunger
a - Pain                  Necr           ###.         2%          1    N/A
b - Animate Skeleton      Necr           N/A          2%          1    N/A
c - Vampiric Draining     Necr           ###.......   9%          3    N/A

Your spell library contained the following spells:

 Spells                   Type           Power        Failure   Level  Hunger
 Animate Dead             Necr           N/A          26%         4    N/A
 Regeneration             Chrm/Necr      Unusable     N/A         3    N/A

Dungeon Overview and Level Annotations

Branches:
Dungeon (3/15)

Altars:
Xom


Innate Abilities, Weirdness & Mutations

You do not eat or drink.
Your flesh is vulnerable to fire.
You are immune to poison.
Your flesh is cold resistant. (rC+)
You are immune to negative energy. (rN+++)
You are immune to unholy pain and torment.
You can survive without breathing.


Message History

Confirm with . or Enter, or press ? or * to list all spells.
Aiming: Pain (safe; 2% risk of failure)
Press: ? - help, Shift-Dir - straight line, f/p - worker ant
Aim: a worker ant (heavily wounded, chance to defeat MR: 81%)
The worker ant writhes in agony.
The worker ant bites you.
Casting: Pain (safe; 2% risk of failure)
Confirm with . or Enter, or press ? or * to list all spells.
You don't have enough magic to cast that spell.
You hit the worker ant.
The worker ant is almost dead.
The worker ant bites you.
You barely miss the worker ant.
The worker ant is almost dead.
The worker ant closely misses you.
You hit the worker ant but do no damage.
The worker ant is almost dead.
The worker ant bites you.
* * * LOW HITPOINT WARNING * * *
The worker ant bites you!
You die...

#......#.....(...
####.#...#######.
#...........# #
#.###.#####.#
#.#.....##
#........####.#.
#........'......
#........#######
.........@a....#
###.......####.#
#.......#
#.......#
#.........
#........##
#........#
.########


You could see a worker ant.

Vanquished Creatures
  2 adders (D:2)
  3 worms
  A bat (D:2)
  A giant cockroach (D:2)
  4 goblins
  7 hobgoblins (D:1)
  A kobold (D:1)
  2 frilled lizards
  5 rats
26 creatures vanquished.

Vanquished Creatures (collateral kills)
  A rat (D:1)
1 creature vanquished.

Grand Total: 27 creatures vanquished

Notes
Turn   | Place    | Note
-------+----------+-------------------------------------------
     0 | D:1      | JeffiDaFish the Mummy Necromancer began the quest for the
                  | Orb.
     0 | D:1      | Reached XP level 1. HP: 13/13 MP: 4/4
   504 | D:1      | Reached XP level 2. HP: 20/20 MP: 0/5
   669 | D:1      | Learned a level 1 spell: Animate Skeleton
  1556 | D:2      | Reached skill level 1 in Fighting
  1721 | D:2      | Reached XP level 3. HP: 19/26 MP: 7/7
  2118 | D:2      | Found a shimmering altar of Xom.
  2192 | D:2      | Found a shimmering altar of Xom.
  2194 | D:2      | Found a shimmering altar of Xom.
  2897 | D:3      | Learned a level 3 spell: Vampiric Draining
  3187 | D:3      | Mangled by a worker ant

Vault maps used:
D:1:      lemuel_arrival_broad_hall
D:2:      xom_redecorated
D:3:      kennysheep_slug_shrine, nicolae_ashenzari_panopticon, first_ration,
          serial_bayou, serial_bayou_pond_c, serial_bayou_shore_b,
          serial_bayou_pond_d, serial_bayou_lake_a

Skill      XL: |  1  2 |
---------------+-------+-----
Spellcasting   | 3 |  3.4
Fighting       | 1 |  1.4
Dodging        | |  1.5
Stealth        | |  1.5
Necromancy     | |  4.7

Action                   || total
-------------------------++-------
Melee: Unarmed           ||     9
       Dagger            ||    36
 Cast: Pain              ||    71
       Animate Skeleton  ||     9
  Use: Scroll            ||     4
 Stab: Distracted        ||     1
Armor: Robe              ||    12
Dodge: Dodged            ||    39

Table legend:
 A = Non-vault XP
 B = Vault XP
 C = Vault XP percentage of total XP
 D = Non-vault monster count
 E = Vault monster count
 F = Vault count percentage of total count
                 A         B        C        D         E       F
            +---------+---------+-------+---------+---------+-------
      Total |      76 |       0 |   0.0 |      27 |       0 |   0.0
            +---------+---------+-------+---------+---------+-------
        D:1 |      26 |       0 |   0.0 |      16 |       0 |   0.0
        D:2 |      41 |       0 |   0.0 |       9 |       0 |   0.0
        D:3 |       9 |       0 |   0.0 |       2 |       0 |   0.0
            +---------+---------+-------+---------+---------+-------
